 Dungeon Crawl Stone Soup version 0.18.1-50-g88ac8fd (webtiles) character file.

14634 Lovchig the Blocker (level 11, 0/110 HPs)
             Began as a Deep Dwarf Fighter on Sept 15, 2016.
             Was a Believer of the Shining One (penitent).
             Killed from afar by an electric eel (1 damage)
             ... with a bolt of electricity
             ... on level 12 of the Dungeon.
             The game lasted 00:36:06 (9150 turns).

Lovchig the Blocker (Deep Dwarf Fighter)            Turns: 9150, Time: 00:36:07

Health: 0/110      AC: 28    Str: 28    XL:     11   Next: 91%
Magic:  4/4        EV: 11    Int:  9    God:    the Shining One [*]
Gold:   680        SH: 15    Dex: 16    Spells: 0 memorised, 10 levels left

rFire  x . .     SeeInvis .     a - +3 war axe
rCold  + . .     Gourm    +     I - +0 plate armour
rNeg   + . .     Faith    .     c - +2 shield
rPois  .         Spirit   .     b - +2 helmet
rElec  .         Dismiss  .     y - +0 cloak
rCorr  .         Reflect  .     C - +2 pair of gloves
SustAt .         Harm     .     n - +2 pair of boots
MR     +....     Rnd*Rage +     v - amulet of the gourmand
Stlth  ..........               J - +4 ring of dexterity
                                B - ring of ice

@: mighty, non-regenerating, somewhat resistant to hostile enchantments,
extremely unstealthy
A: damage resistance, recharge devices, slimy green scales 1, berserk 1, sense
surroundings 2, robust 1, slow regeneration 3
a: Device Recharging, Renounce Religion


You were on level 12 of the Dungeon.
You worshipped the Shining One.
The Shining One was demanding penance.
You were not hungry.

You visited 2 branches of the dungeon, and saw 14 of its levels.

You collected 680 gold pieces.

Inventory:

Hand Weapons
 a - a +3 war axe (weapon)
Armour
 b - a +2 helmet (worn)
 c - a +2 shield (worn)
 n - a +2 pair of boots (worn)
 y - a +0 cloak (worn)
 C - a +2 pair of gloves (worn)
 I - a +0 plate armour (worn)
Jewellery
 v - an amulet of the gourmand (around neck)
 B - a ring of ice (left hand)
 J - a +4 ring of dexterity (right hand)
Wands
 e - a wand of heal wounds (0/9)
 s - a wand of teleportation (5/9)
 A - a wand of disintegration (6/24)
 D - a wand of paralysis (10/24)
 F - a wand of slowing (30/48)
 H - a wand of flame (0/48)
 M - a wand of acid (3/15)
Scrolls
 i - 10 scrolls of remove curse
 p - 3 scrolls of fog
 q - 2 scrolls of teleportation
 t - 2 scrolls of recharging
 x - a scroll of blinking
 G - a scroll of amnesia
 K - a scroll of identify
Potions
 d - a potion of might
 g - 2 potions of ambrosia
 k - 3 potions of flight
 l - 2 potions of heal wounds
 r - 2 potions of lignification
 u - a potion of brilliance
 w - 4 potions of curing
 z - 3 potions of cancellation
 E - a potion of magic {unknown}
Comestibles
 f - 4 bread rations
 h - a royal jelly
 j - 6 beef jerkies
 m - 6 meat rations
 o - 4 slices of pizza
 L - 24 fruits


   Skills:
 * Level 7.4 Fighting
 * Level 11.1 Axes
 * Level 9.7 Armour
 * Level 7.8 Dodging
 + Level 1.3 Stealth
 * Level 11.3 Shields
 + Level 1.5 Evocations


You had 10 spell levels left.
You didn't know any spells.

Dungeon Overview and Level Annotations

Branches:
Dungeon (13/15)            Temple (1/1) D:7            Lair (0/8) D:9
    Orc (0/2) D:11
 Vaults: D:13-14

Altars:
Ashenzari
Cheibriados
Dithmenos
Elyvilon
Fedhas
Gozag
Kikubaaqudgha
Makhleb
Nemelex Xobeh
Okawaru
Pakellas
Qazlal
Ru
Sif Muna
Trog
Vehumet
Xom
Yredelemnul
Zin
The Shining One

Shops:
D:4 !   D:12 :

Annotations:
D:12 exclusion: ice statue, Lovchig's ghost, journeyman DDFi


Innate Abilities, Weirdness & Mutations

You are resistant to damage.
You can recharge devices by infusing magical energy.
You passively map the area around you.
You do not regenerate naturally.
You are partially covered in slimy green scales (AC +2).
You tend to lose your temper in combat.
You are robust (+10% HP).


Message History

Lovchig's ghost is moderately damaged.
Lovchig's ghost hits you but does no damage.
You are electrocuted!
* * * LOW HITPOINT WARNING * * *
You slash Lovchig's ghost!
Lovchig's ghost is moderately damaged.
Lovchig's ghost hits you but does no damage.
Read which item? (? for menu, Esc to quit)
As you read the scroll of teleportation, it crumbles to dust.
You feel strangely unstable.
Lovchig's ghost hits you but does no damage.
You are electrocuted!
* * * LOW HITPOINT WARNING * * *
Unknown command.
Your surroundings suddenly seem different.
The orc shouts!
Found Laestreurgh's Book Boutique.
The electric eel shoots out a bolt of lightning at you!
The bolt of electricity hits you!
You die...

### #<# #.# #.###########
#...........# ###########.#
######* * ≈#### #..
##≈....###≈.....#######..
#..........@...............)
#.#o≈≈....#≈≈≈.≈.≈.##.......
#.≈≈≈≈....≈≈≈≈.≈... #.######
#.#≈≈≈≈o≈≈≈≈≈≈.≈.≈≈ #
#o#≈≈≈...∩...≈.≈.≈≈ * ,,,
#.≈≈≈≈oo≈#≈≈.≈.≈.≈≈ *#
#)†≈≈o.≈;≈≈≈o..≈...
#.#≈≈≈.≈≈≈≈≈≈≈≈≈≈## ########
#W#* ≈.≈≈≈≈≈≈≈≈≈≈# #.......


You could see an electric eel and 3 orcs.

Vanquished Creatures
  The ghost of HUIXAX the Brawler, a journeyman TrBe of Trog (D:11)
  The ghost of appiemonkey the Fighter, a journeyman MiFi of the Shining One (D:12)
  An unseen horror (D:11)
  2 hill giants (D:11)
  An ugly thing (D:13)
  A cyclops (D:12)
  Joseph (D:7)
  A tengu conjurer (D:12)
  9 trolls
  A two-headed ogre (D:12)
  Grinder (D:3)
  A wyvern (D:9)
  2 shadows (D:12)
  Eustachio (D:6)
  4 hungry ghosts
  Edmund (D:4)
  4 vampire mosquitoes (D:12)
  3 ice beasts
  The ghost of appiemonkey the Covered, an amateur MiFi (D:3)
  3 phantoms
  A black bear (D:8)
  5 orc warriors
  2 sky beasts
  A wasp (D:10)
  A swamp drake (D:11)
  8 centaurs
  6 ogres
  4 big kobolds
  Blork the orc (D:5)
  5 giant frogs
  A wyvern skeleton (D:11)
  6 scorpions
  4 killer bees (D:10)
  3 wights (D:6)
  3 howler monkeys
  9 electric eels
  3 crimson imps
  A giant frog zombie (D:11)
  5 jellies
  5 centaur skeletons
  3 orc priests
  10 orc wizards
  5 giant frog skeletons
  6 hounds
  3 iguanas
  5 worker ants
  A hound skeleton (D:5)
  A worker ant zombie (D:8)
  4 gnolls
  2 howler monkey skeletons
  8 adders
  3 shadow imps
  An ooze (D:3)
  An adder zombie (D:8)
  4 adder skeletons
  2 worms
  A dart slug (D:3)
  7 giant geckos
  30 orcs
  9 bats
  4 giant cockroaches
  18 goblins
  7 hobgoblins
  4 jackals
  6 quokkas
  4 ball pythons
  A giant gecko skeleton (D:7)
  6 giant newts
  23 kobolds
  A quokka skeleton (D:6)
  7 rats
  A fungus (D:4)
302 creatures vanquished.

Vanquished Creatures (others)
  An adder zombie (D:5)
1 creature vanquished.

Grand Total: 303 creatures vanquished

Notes
Turn   | Place    | Note
--------------------------------------------------------------
     0 | D:1      | Lovchig the Deep Dwarf Fighter began the quest for the Orb.
     0 | D:1      | Reached XP level 1. HP: 20/20 MP: 1/1
   143 | D:1      | Reached XP level 2. HP: 18/27 MP: 2/2
   308 | D:1      | Reached XP level 3. HP: 25/33 MP: 3/3
   455 | D:2      | Found a basalt altar of Yredelemnul.
   507 | D:2      | Reached skill level 1 in Dodging
   564 | D:2      | Found a stormy altar of Qazlal.
   565 | D:2      | Found a shattered altar of Ashenzari.
   565 | D:2      | Found a white marble altar of Elyvilon.
   565 | D:2      | Found a bloodstained altar of Trog.
   715 | D:2      | Found a blossoming altar of Fedhas.
   900 | D:2      | Reached XP level 4. HP: 26/40 MP: 4/4
  1201 | D:3      | Noticed Grinder
  1239 | D:3      | Paralysed by Grinder for 6 turns
  1256 | D:3      | Paralysed by Grinder for 2 turns
  1260 | D:3      | Killed Grinder
  1260 | D:3      | Reached skill level 1 in Evocations
  1260 | D:3      | Reached XP level 5. HP: 48/49 MP: 5/5
  1349 | D:3      | Noticed appiemonkey's ghost (amateur MiFi)
  1393 | D:3      | Killed appiemonkey's ghost
  1393 | D:3      | Reached skill level 5 in Armour
  1393 | D:3      | Reached XP level 6. HP: 26/56 MP: 6/6
  1688 | D:3      | Found a deep blue altar of Sif Muna.
  1735 | D:3      | Noticed an ice beast
  1747 | D:3      | Killed an ice beast
  1922 | D:4      | Reached skill level 5 in Shields
  1922 | D:4      | Reached XP level 7. HP: 34/62 MP: 7/7
  1944 | D:4      | Noticed Edmund
  1960 | D:4      | Killed Edmund
  2176 | D:4      | Found Ovirauta's Distillery.
  2778 | D:5      | Entered Level 5 of the Dungeon
  2810 | D:5      | Found a radiant altar of Vehumet.
  2854 | D:5      | Reached XP level 8. HP: 57/72 MP: 8/8
  3016 | D:5      | Reached skill level 5 in Axes
  3185 | D:5      | Noticed Blork the orc
  3194 | D:5      | Killed Blork the orc
  3624 | D:6      | Gained mutation: You evolve. [potion of mutation]
  3624 | D:6      | Gained mutation: You are partially covered in slimy green scales (AC +2). [potion of mutation]
  3624 | D:6      | Gained mutation: You tend to lose your temper in combat. [potion of mutation]
  3740 | D:6      | Noticed Eustachio
  3782 | D:6      | Killed Eustachio
  4259 | D:6      | Found a sacrificial altar of Ru.
  4376 | D:7      | Found a staircase to the Ecumenical Temple.
  4408 | Temple   | Entered the Ecumenical Temple
  4417 | Temple   | Became a worshipper of the Shining One
  4503 | D:7      | Noticed Joseph
  4530 | D:7      | Killed Joseph
  4530 | D:7      | Reached skill level 5 in Dodging
  4530 | D:7      | Gained mutation: You passively map the area around you. [Deep Dwarf growth]
  4530 | D:7      | Reached XP level 9. HP: 49/79 MP: 6/6
  4664 | D:7      | Found a shattered altar of Ashenzari.
  4796 | D:7      | Gained mutation: You are robust (+10% HP). [evolution]
  4796 | D:7      | Lost mutation: You evolve. [end of evolution]
  5062 | D:8      | Reached skill level 5 in Fighting
  5835 | D:8      | Reached * piety under the Shining One
  6081 | D:9      | Found an oddly glowing altar of Pakellas.
  6148 | D:9      | Found a shimmering altar of Xom.
  6173 | D:9      | Found a shimmering altar of Xom.
  6174 | D:9      | Found a shimmering altar of Xom.
  6174 | D:9      | Found a shimmering altar of Xom.
  6174 | D:9      | Found a shimmering altar of Xom.
  6307 | D:9      | Reached XP level 10. HP: 88/100 MP: 6/6
  6502 | D:9      | You fall through a shaft!
  6502 | D:10     | Entered Level 10 of the Dungeon
  6550 | D:9      | Found a staircase to the Lair.
  6653 | D:9      | Found a flagged portal.
  6817 | D:9      | Reached ** piety under the Shining One
  7557 | D:11     | Reached skill level 1 in Stealth
  7578 | D:11     | Noticed a hill giant
  7595 | D:11     | Killed a hill giant
  7710 | D:11     | Noticed HUIXAX's ghost (journeyman TrBe)
  7739 | D:11     | Killed HUIXAX's ghost
  7739 | D:11     | Reached XP level 11. HP: 62/108 MP: 8/8
  7750 | D:11     | Noticed a hill giant
  7757 | D:11     | Killed a hill giant
  7757 | D:11     | Reached skill level 10 in Shields
  7833 | D:11     | Reached skill level 10 in Axes
  8041 | D:11     | Found a staircase to the Orcish Mines.
  8043 | D:11     | Reached *** piety under the Shining One
  8050 | D:11     | Was placed under penance by the Shining One
  8357 | D:11     | Killed an unseen horror
  8575 | D:12     | Noticed appiemonkey's ghost (journeyman MiFi)
  8618 | D:12     | Killed appiemonkey's ghost
  8774 | D:12     | You fall through a shaft!
  8837 | D:13     | Noticed a cyan ugly thing
  8851 | D:13     | Killed a cyan ugly thing
  9125 | D:12     | Noticed Lovchig's ghost (journeyman DDFi)
  9147 | D:12     | HP: 1/110 [Lovchig's ghost (12)]
  9149 | D:12     | Found Laestreurgh's Book Boutique.
  9150 | D:12     | Killed from afar by an electric eel

Skill      XL: |  1  2  3  4  5  6  7  8  9 10 11 |
---------------+----------------------------------+-----
Armour         | 4 5 6 7 8 9 |  9.7
Dodging        | 1 2 3 4 5 7 |  7.8
Fighting       | 3 4 5 6 7 |  7.4
Axes           | 3 4 6 8 9 11 | 11.1
Shields        | 4 5 7 8 9 11 | 11.3
Evocations     | 1 |  1.5
Stealth        | 1 |  1.3

Action                   |  1- 3 |  4- 6 |  7- 9 | 10-12 || total
-------------------------+-------+-------+-------+-------++-------
Melee: War axe           |   146 |   126 |   437 |   516 ||  1225
 Abil: Device Recharging |       |       |     4 |     4 ||     8
Evoke: Wand              |     1 |     4 |     7 |    34 ||    46
  Use: Scroll            |     6 |     7 |    11 |     5 ||    29
       Potion            |       |       |     1 |     6 ||     7
 Stab: Confused          |       |       |       |     2 ||     2
  Eat: Chunk             |       |     4 |    16 |    34 ||    54
Armor: Scale mail        |    83 |    55 |    44 |       ||   182
       Chain mail        |       |       |   214 |    82 ||   296
       Plate armour      |       |       |       |   281 ||   281
Dodge: Dodged            |    58 |    42 |   159 |   222 ||   481
Block: Shield            |    81 |    64 |   362 |   477 ||   984
